 Dungeon Crawl Stone Soup version 0.29.1-12-g30fa7ad0bf (webtiles) character file.

Game seed: 14934751959638480947

33028 xzight the Grappler (level 13, 0/131 HPs)
             Began as a Troll Fighter on Dec 27, 2022.
             Was the Champion of Okawaru.
             Slain by a four-headed hydra (13 damage)
             ... on level 5 of the Lair of Beasts.
             The game lasted 00:27:54 (12723 turns).

xzight the Grappler (Troll Fighter)                Turns: 12723, Time: 00:27:54

Health: 0/131      AC: 17    Str: 26    XL:     13   Next: 34%
Magic:  13/13      EV:  7    Int:  4    God:    Okawaru [******]
Gold:   592        SH:  9    Dex:  7    Spells: 12/12 levels left

rFire   . . .      SeeInvis .     - Unarmed
rCold   . . .      Faith    +   b - +0 kite shield
rNeg    + . .      Spirit   .   K - +0 pearl dragon scales
rPois   .          Reflect  .   (helmet restricted)
rElec   .          Harm     .   q - +0 cloak
rCorr   .          Rampage  .   (gloves unavailable)
Will    +++..                   (boots unavailable)
Stlth   ..........              M - amulet of Yganateh {Faith Will+++ Regen+ Str-5 Dex-2}
HPRegen 1.91/turn               Y - +4 ring of slaying
MPRegen 0.13/turn               T - +4 ring of protection

@: frozen, slowed, very slow
A: large, unfitting armour, claws 3, regeneration 1, shaggy fur 1, tough skin 1
a: Renounce Religion, Heroism, Finesse, Duel


You were on level 5 of the Lair of Beasts.
You worshipped Okawaru.
Okawaru was exalted by your worship.
You visited 3 branches of the dungeon, and saw 17 of its levels.

You collected 1255 gold pieces.
You spent 663 gold pieces at shops.


Innate Abilities, Weirdness & Mutations

You are too large for most types of armour.
You have claws for hands.
Your natural rate of healing is unusually fast.
You are covered in fur. (AC +1)
You have tough skin. (AC +1)


   Skills:
 + Level 9.2 Fighting
 + Level 9.5 Throwing
 - Level 2.4 Dodging
 + Level 10.0 Shields
 * Level 14.6 Unarmed Combat
 + Level 1.8 Invocations


You had 12 spell levels left.
You didn't know any spells.
Your spell library contained the following spells:

 Spells                   Type           Power      Damage    Failure   Level
 Beastly Appendage        Tmut           0%         N/A       97%         1
 Freeze                   Ice            0%         1d3       97%         1
 Shock                    Conj/Air       0%         1d3       97%         1
 Scorch                   Fire           0%         2d5       99%         2
 Wereblood                Tmut           0%         N/A       99%         2
 Frozen Ramparts          Ice            0%         1d1       100%        3
 Ozocubu's Armour         Ice            0%         N/A       100%        3
 Portal Projectile        Hex/Tloc       0%         N/A       100%        3
 Spider Form              Tmut/Pois      0%         N/A       100%        3
 Swiftness                Air            0%         N/A       100%        3
 Airstrike                Air            0%         2d(0-16)  100%        4
 Flame Wave               Conj/Fire      0%         2d4       100%        4
 Hailstorm                Conj/Ice       0%         3d3       100%        4
 Blade Hands              Tmut           0%         N/A       100%        5
 Ozocubu's Refrigeration  Ice            0%         4d7       100%        7
 Tukima's Dance           Hex            Unusable   N/A       N/A         3
 Summon Cactus Giant      Summ           Unusable   N/A       N/A         6

Inventory:

Missiles
 l - 17 javelins
 r - 5 throwing nets {=f}
 L - 5 large rocks (quivered) {=f}
Armour
 b - a +0 kite shield (worn)
 q - a +0 cloak (worn)
 K - +0 pearl dragon scales (worn)
Jewellery
 F - a ring of fire
 M - the amulet of Yganateh (around neck) {Faith Will+++ Regen+ Str-5 Dex-2}
   (You bought it in a shop on level 5 of the Dungeon)

   [amulet of faith]

   It allows you to gain divine favour quickly.
   Str:       It affects your strength (-5).
   Dex:       It affects your dexterity (-2).
   Regen:     It increases your rate of health regeneration.
   Will:      It greatly increases your willpower.
 P - a ring of poison resistance
 S - a +6 ring of strength
 T - a +4 ring of protection (right claw)
 Y - a +4 ring of slaying (left claw)
 Z - a ring of wizardry
Wands
 j - a wand of digging (6)
 A - a wand of polymorph (16)
 D - a wand of charming (10)
 E - a wand of flame (25)
 G - a wand of mindburst (16)
 J - a wand of iceblast (5)
Scrolls
 a - 4 scrolls of enchant weapon {unknown}
 d - a scroll of blinking {unknown}
 m - 2 scrolls of noise {unknown}
 p - 12 scrolls of teleportation {@r2}
 u - 2 scrolls of enchant armour {unknown}
 v - 10 scrolls of identify {@r1}
 w - 2 scrolls of summoning {unknown}
 x - 6 scrolls of poison {unknown}
 y - 2 scrolls of vulnerability {unknown}
 z - 2 scrolls of butterflies {unknown}
 B - 4 scrolls of immolation {unknown}
 C - a scroll of amnesia {unknown}
 N - a scroll of silence {unknown}
Potions
 c - a potion of might
 e - 2 potions of invisibility {unknown}
 f - 4 potions of mutation
 g - 5 potions of haste {@q3}
 h - 4 potions of heal wounds {unknown}
 i - a potion of degeneration {unknown}
 k - a potion of lignification {unknown}
 n - a potion of brilliance {unknown}
 o - 8 potions of curing {@q1}
 s - a potion of ambrosia {unknown}
 t - 2 potions of cancellation {unknown}
 H - 3 potions of flight {unknown}
 I - a potion of attraction {unknown}
 O - 3 potions of magic {unknown}

Dungeon Overview and Level Annotations

Branches:
Dungeon (11/15)            Temple (1/1) D:5            Lair (5/5) D:10
  Swamp (0/4) Lair:2       Spider (0/4) Lair:2        Slime (0/5) Lair:4
    Orc: D:9-12

Altars:
Ashenzari
Cheibriados
Dithmenos
Elyvilon
Fedhas
Gozag
Hepliaklqana
Kikubaaqudgha
Makhleb
Nemelex Xobeh
Okawaru
Qazlal
Ru
Sif Muna
Trog
Uskayaw
Vehumet
Wu Jian
Xom
Yredelemnul
Zin
The Shining One
Jiyva

Shops:
D:2 =   D:3 [   D:5 =

Annotations:
Lair:1 exclusion: oklob plant
Lair:4 1 runed translucent door

....# ###... .....##
P.............P#
.#....##................
......#.................
........................
..h.....................
...................#.... .
#.......w...D....... ..
#......(.F.k@.......
..###........S.#........
..#.##..........##........
...#.##........##.........#
..............####.........
.......#..#....P#......#.#
##[ยง.#######....#.....P.#
#.. ##..#
#..........P.##... ##...#
#.................


You could see a four-headed hydra, a torpor snail, a cane toad, a rime drake and
a water moccasin.


Message History

As you read the scroll of teleportation {@r2}, it crumbles to dust.
You feel strangely unstable. The wolf closely misses you.
The water moccasin bites the plant.
The hell hound bites the plant.
You block the blink frog's attack. The cane toad barely misses you.
The wolf attacks as you move away! You block the wolf's attack.
The wolf bites you.
A water moccasin comes into view.
Found a scroll labelled VACWIKL FEGE.
Your surroundings suddenly seem different.
A four-headed hydra, a water moccasin, a rime drake, a torpor snail and a cane toad come into view.
The four-headed hydra roars!
The water moccasin hisses angrily.
The rime drake hisses angrily.
The cane toad gives a loud, deep croak!
The rime drake breathes ice at you. The flash freeze hits you!!
* * * LOW HITPOINT WARNING * * *
You are encased in ice.
Being near the torpor snail leaves you feeling lethargic.
The rime drake bites you but does no damage.
You feel like a meek peon again. The ice encasing you melts away.
The rime drake breathes ice at you. The flash freeze hits you!!
* * * LOW HITPOINT WARNING * * *
You are encased in ice.
Unknown command.
The four-headed hydra attacks as you move away!
The four-headed hydra bites you!
* * * LOW HITPOINT WARNING * * *
The four-headed hydra bites you!
You die...

Skill      XL: |  1  2  3  4  5  6  7  8  9 10 11 12 13 |
---------------+----------------------------------------+-----
Throwing       | 1 2 3 4 5 6 8 9 |  9.5
Shields        | 3 4 5 6 7 8 9 10 | 10.0
Unarmed Combat | 3 4 5 6 7 9 11 12 14 | 14.6
Fighting       | 3 4 5 6 7 8 9 |  9.2
Invocations    | 1 |  1.8
Dodging        | |  2.4

Action                   |  1- 3 |  4- 6 |  7- 9 | 10-12 | 13-15 || total
-------------------------+-------+-------+-------+-------+-------++-------
Melee: Unarmed           |   132 |   140 |   327 |   441 |   141 ||  1181
Throw: Javelin           |     4 |     8 |     4 |     4 |       ||    20
       Large rock        |       |       |       |    29 |       ||    29
Invok: Heroism           |       |       |     1 |     5 |     1 ||     7
  Use: Potion            |       |       |     2 |     2 |       ||     4
       Scroll            |       |       |       |     3 |     1 ||     4
 Stab: Sleeping          |       |       |     1 |       |       ||     1
Armor: Robe              |    53 |    26 |    46 |     7 |       ||   132
       Pearl dragon scal |       |       |       |   143 |    61 ||   204
Dodge: Dodged            |    55 |    37 |    79 |   103 |    37 ||   311
Block: Kite shield       |    53 |    83 |   200 |   237 |    67 ||   640
       Reflection        |       |     1 |    11 |     9 |       ||    21

Levels and vault maps discovered:
D:1:      kb_arrival_jail, layout_rooms
D:2:      minmay_skewed_foursquare, layout_rooms,
          shapermc_ecumenical_altar_starsandcircs, nicolae_shop_unique_rings,
          serial_bayou_crossing, uniq_natasha
D:3:      layout_loops_ring, serial_shops, nicolae_shop_trees
D:4:      layout_rooms
D:5:      layout_gridville, elyvilon_altar_1, minmay_temple_entry_statues,
          serial_shops, nicolae_shop_stone, kennysheep_generic_room_5
D:6:      layout_cave_pools, pdpol_wu_jian_five_deadly_venoms
D:7:      layout_basic, lemuel_tele_altar, fedhas_altar_2
D:8:      layout_loops_corners, minmay_misc_feat_rows,
          kennysheep_generic_room_16
D:9:      minmay_s_stair_smasher, layout_basic, nicolae_uskayaw_dance_hall,
          jmf_multi_god_temple, grunt_ministairs_13
D:10:     layout_basic, due_lair_maze_entry_diamond, uniq_joseph, uniq_harold
D:11:     layout_long_grid
Temple:   regret_index_temple_waves
Lair:1:   layout_hall_layers, grunt_forest_large_clearing_hut,
          grunt_megastairs_5
Lair:2:   layout_long_grid, minmay_swamp_entry_wisps,
          nicolae_spider_entry_orb_guardian, grunt_megastairs_3, uniq_urug
Lair:3:   layout_long_grid, minmay_stone_trees_medium, grunt_megastairs_2
Lair:4:   layout_loops_ring, slime_entry_2, basic_altar,
          nicolae_quartered_pool_medium, beast_lair_carwin_3
Lair:5:   evil_forest, layout_layer_cave, enter_volcano_1

Notes
Turn   | Place    | Note
-------+----------+-------------------------------------------
     0 | D:1      | xzight the Troll Fighter began the quest for the Orb.
     0 | D:1      | Reached XP level 1. HP: 22/22 MP: 0/0
     2 | D:1      | Noticed an elf
     2 | D:1      | Noticed a gargoyle
     4 | D:1      | Noticed a felid
     4 | D:1      | Noticed a palentonga
     6 | D:1      | Noticed a meteoran
     6 | D:1      | Noticed a draconian
     8 | D:1      | Noticed a tengu
    10 | D:1      | Noticed a vampire
    10 | D:1      | Noticed a ghoul
    12 | D:1      | Noticed a demigod
    14 | D:1      | Noticed a naga
    14 | D:1      | Noticed a demonspawn
    16 | D:1      | Noticed a vine stalker
    16 | D:1      | Noticed a human
    18 | D:1      | Noticed an octopode
    20 | D:1      | Noticed an ogre
    20 | D:1      | Noticed a spriggan
    22 | D:1      | Noticed a formicid
    22 | D:1      | Noticed a minotaur
    24 | D:1      | Noticed a troll
    24 | D:1      | Noticed a troll
    26 | D:1      | Noticed a minotaur
    26 | D:1      | Noticed an ogre
    89 | D:1      | Reached XP level 2. HP: 29/29 MP: 1/1
   298 | D:1      | Reached XP level 3. HP: 36/36 MP: 2/2
   497 | D:2      | Reached skill level 1 in Throwing
   506 | D:2      | Reached skill level 3 in Shields
   628 | D:2      | Reached skill level 3 in Unarmed Combat
   705 | D:2      | Found a faded altar of an unknown god.
   901 | D:2      | Noticed Natasha
   913 | D:2      | Killed Natasha
   914 | D:2      | Reached XP level 4. HP: 41/44 MP: 3/3
   920 | D:2      | Noticed Natasha
   930 | D:2      | Killed Natasha
   969 | D:2      | Reached skill level 3 in Fighting
  1046 | D:2      | Found Keiteph's One-of-a-Kind Rings.
  1214 | D:3      | Found Vuon's Antique Armour Shoppe.
  1240 | D:3      | Reached XP level 5. HP: 53/53 MP: 4/4
  1262 | D:3      | You fall into a shaft and drop 2 floors!
  1262 | D:5      | Entered Level 5 of the Dungeon
  1276 | D:5      | Reached skill level 2 in Throwing
  1276 | D:5      | Reached skill level 4 in Unarmed Combat
  1317 | D:5      | Reached XP level 6. HP: 39/61 MP: 5/5
  1525 | D:5      | Found Doqobixt's Jewellery Boutique.
  1590 | D:4      | Reached skill level 4 in Shields
  1820 | D:3      | Reached skill level 5 in Unarmed Combat
  1931 | D:3      | Reached XP level 7. HP: 65/68 MP: 6/6
  2724 | D:5      | Found a white marble altar of Elyvilon.
  2933 | D:5      | Found a staircase to the Ecumenical Temple.
  3000 | Temple   | Entered the Ecumenical Temple
  3243 | D:5      | Reached skill level 3 in Throwing
  3647 | D:6      | Reached skill level 4 in Fighting
  3680 | D:6      | Reached skill level 6 in Unarmed Combat
  3720 | D:6      | Reached XP level 8. HP: 58/77 MP: 7/7
  3939 | D:6      | Reached skill level 5 in Shields
  3942 | D:6      | Reached skill level 4 in Throwing
  4025 | D:6      | Reached skill level 7 in Unarmed Combat
  4234 | D:6      | Found an ornate altar of the Wu Jian Council.
  4368 | D:7      | Found a blossoming altar of Fedhas.
  4527 | D:7      | Reached skill level 5 in Fighting
  4527 | D:7      | Reached XP level 9. HP: 72/88 MP: 8/8
  4732 | D:7      | Reached skill level 8 in Unarmed Combat
  4932 | D:7      | Found an iron altar of Okawaru.
  5200 | D:7      | Became a worshipper of Warmaster Okawaru
  5385 | D:8      | Reached skill level 5 in Throwing
  5604 | D:8      | Reached skill level 6 in Shields
  5919 | D:8      | Reached * piety under Okawaru
  6175 | D:9      | Reached skill level 9 in Unarmed Combat
  6271 | D:9      | Found a shimmering blue altar of Sif Muna.
  6274 | D:9      | Found a basalt altar of Yredelemnul.
  6430 | D:9      | Reached ** piety under Okawaru
  6431 | D:9      | Reached XP level 10. HP: 53/98 MP: 9/9
  6435 | D:9      | Reached skill level 6 in Fighting
  6742 | D:9      | Reached skill level 6 in Throwing
  6915 | D:9      | Reached skill level 10 in Unarmed Combat
  6997 | D:9      | Identified +0 pearl dragon scales
  7064 | D:9      | Found a hide-covered altar of Uskayaw.
  7132 | D:9      | Noticed a two-headed ogre
  7143 | D:9      | Killed a two-headed ogre
  7144 | D:9      | Reached skill level 7 in Shields
  7157 | D:9      | Reached *** piety under Okawaru
  7365 | D:9      | Noticed a two-headed ogre
  7370 | D:9      | Killed a two-headed ogre
  7370 | D:9      | Received a gift from Okawaru
  7374 | D:9      | Reached **** piety under Okawaru
  7375 | D:9      | Reached skill level 11 in Unarmed Combat
  7375 | D:9      | Reached XP level 11. HP: 88/107 MP: 10/10
  7533 | D:10     | Entered Level 10 of the Dungeon
  7540 | D:10     | Received a gift from Okawaru
  7794 | D:10     | Reached skill level 7 in Fighting
  7819 | D:10     | Reached skill level 7 in Throwing
  7821 | D:10     | Paralysed by a hornet for 1 turns
  7846 | D:10     | Found a staircase to the Lair.
  7854 | D:10     | Noticed Joseph
  7875 | D:10     | Received a gift from Okawaru
  7880 | D:10     | Killed Joseph
  8000 | D:5      | Bought the amulet of Yganateh {Faith Will+++ Regen+ Str-5
                  | Dex-2} for 663 gold pieces
  8115 | D:10     | Noticed Harold
  8128 | D:10     | Killed Harold
  8204 | D:10     | Noticed a four-headed hydra
  8211 | D:10     | Killed a four-headed hydra
  8212 | D:10     | Reached skill level 8 in Shields
  8742 | D:11     | Reached ***** piety under Okawaru
  8975 | Lair:1   | Entered Level 1 of the Lair of Beasts
  9097 | Lair:1   | Reached skill level 12 in Unarmed Combat
  9122 | Lair:1   | Received a gift from Okawaru
  9227 | Lair:1   | Received a gift from Okawaru
  9400 | Lair:1   | Noticed an oklob plant
  9748 | Lair:2   | Identified the +5 long sword "Huer" {spect, rC+ rN+ MP+9
                  | Dex-5} (Okawaru gifted it to you on level 2 of the Lair of
                  | Beasts)
  9748 | Lair:2   | Received a gift from Okawaru
  9749 | Lair:2   | Reached skill level 8 in Throwing
  9800 | Lair:2   | Found a staircase to the Swamp.
  9802 | Lair:2   | Noticed Urug
  9820 | Lair:1   | Reached XP level 12. HP: 119/119 MP: 11/11
  9850 | Lair:2   | Killed Urug
  9851 | Lair:2   | Reached skill level 8 in Fighting
  9947 | Lair:2   | Noticed a death yak
  9951 | Lair:2   | Noticed a death yak
  9951 | Lair:2   | Noticed a death yak
  9951 | Lair:2   | Noticed a death yak
  9969 | Lair:3   | Killed a death yak
  9970 | Lair:3   | Reached skill level 13 in Unarmed Combat
  9990 | Lair:3   | Reached skill level 9 in Shields
  9996 | Lair:3   | HP: 7/120 [wolf (9)]
 10127 | Lair:2   | Killed a death yak
 10143 | Lair:2   | Killed a death yak
 10146 | Lair:2   | Killed a death yak
 10360 | Lair:2   | Reached ****** piety under Okawaru
 10523 | Lair:2   | Found a hole to the Spider Nest.
 10818 | Lair:2   | Noticed a six-headed hydra
 10823 | Lair:2   | Killed a six-headed hydra
 10823 | Lair:2   | Received a gift from Okawaru
 11046 | Lair:3   | Noticed a boulder beetle
 11057 | Lair:3   | Killed a boulder beetle
 11066 | Lair:3   | Identified the +2 mace "Reang" {venom, Will+}
 11167 | Lair:3   | Reached skill level 9 in Throwing
 11291 | Lair:3   | Noticed a boulder beetle
 11310 | Lair:3   | Killed a boulder beetle
 11311 | Lair:3   | Reached skill level 14 in Unarmed Combat
 11862 | Lair:4   | Received a gift from Okawaru
 11887 | Lair:4   | Reached XP level 13. HP: 103/130 MP: 12/12
 11908 | Lair:4   | Received a gift from Okawaru
 11933 | Lair:4   | Reached skill level 9 in Fighting
 12014 | Lair:4   | Received a gift from Okawaru
 12035 | Lair:4   | Reached skill level 1 in Invocations
 12138 | Lair:4   | Found a hazy altar of Hepliaklqana.
 12362 | Lair:4   | Found a runed translucent door.
 12363 | Lair:4   | Found a viscous altar of Jiyva.
 12364 | Lair:4   | Found a staircase to the Slime Pits.
 12576 | Lair:5   | Entered Level 5 of the Lair of Beasts
 12701 | Lair:5   | Reached skill level 10 in Shields
 12723 | Lair:5   | HP: 13/131 [four-headed hydra (11)]
 12723 | Lair:5   | Slain by a four-headed hydra

Vanquished Creatures
  Harold (D:10)
  2 boulder beetles (Lair:3)
  2 hydras
  2 two-headed ogres (D:9)
  4 death yaks
  Urug (Lair:2)
  A fire crab (Lair:4)
  An orb spider (Lair:2)
  A will-o-the-wisp (Lair:2)
  2 elephants (Lair:4)
  3 black mambas
  Joseph (D:10)
  14 cane toads
  A torpor snail (Lair:3)
  2 rime drakes
  5 komodo dragons
  A polar bear (Lair:1)
  3 trolls
  2 hornets
  11 blink frogs
  A spriggan (Lair:1)
  A vampire (D:10)
  7 wyverns
  23 yaks
  A shadow (D:11)
  2 steam dragons (D:9)
  6 basilisks
  3 vampire mosquitoes (D:10)
  11 water moccasins
  An acid dragon (D:9)
  3 orc warriors
  4 ice beasts
  3 black bears
  A sky beast (D:7)
  An ogre (D:5)
  8 wolves
  8 centaurs
  2 gnoll sergeants (D:11)
  A kobold brigand (D:10)
  14 bullfrogs
  2 necrophages
  11 wights
  5 scorpions
  7 killer bees (D:9)
  5 howler monkeys
  2 jellies
  3 hounds
  2 gnoll boudas
  5 orc priests
  5 iguanas
  Natasha (twice) (D:2)
  4 orc wizards
  14 gnolls
  9 adders
  A white imp (D:5)
  An ufetubus (D:6)
  2 worms (D:2)
  5 dart slugs
  26 orcs
  11 ball pythons
  11 endoplasms
  6 giant cockroaches
  6 goblins
  8 hobgoblins
  8 jackals
  6 quokkas
  8 bats
  5 frilled lizards
  14 kobolds
  3 rats (D:2)
358 creatures vanquished.

Vanquished Creatures (others)
  16 foxfires (Lair:2)
  53 fungi
  53 plants
122 creatures vanquished.

Grand Total: 480 creatures vanquished

Table legend: (Time is in decaauts)
 A = Elapsed time spent in this place.
 B = Non-inter-level travel time spent in this place.
 C = Inter-level travel time spent in this place.
 D = Time resting spent in this place.
 E = Time spent auto-exploring this place.
 F = Levels seen in this place.
 G = Mean time per level.
                   A        B        C        D        E       F      G
               +--------+--------+--------+--------+--------+-----+--------+
         Total |  12717 |  12023 |    694 |    773 |   8554 |  17 |  748.1 |
       Dungeon |   8904 |   8323 |    581 |    412 |   6039 |  11 |  809.5 |
        Temple |    101 |     95 |      6 |      0 |     82 |   1 |  101.0 |
          Lair |   3712 |   3605 |    107 |    361 |   2432 |   5 |  742.4 |
               +--------+--------+--------+--------+--------+-----+--------+

Top non-repeatable levels by time:
     D:9: 1430 daAuts
  Lair:2: 1173 daAuts
     D:5: 1152 daAuts
     D:8: 971 daAuts
     D:7: 932 daAuts
  Lair:3: 870 daAuts
  Lair:4: 775 daAuts
    D:10: 759 daAuts
  Lair:1: 755 daAuts
     D:2: 746 daAuts
     D:6: 719 daAuts
     D:3: 672 daAuts
     D:4: 549 daAuts
     D:1: 500 daAuts
    D:11: 469 daAuts

Table legend:
 A = Non-vault XP
 B = Vault XP
 C = Vault XP percentage of total XP
 D = Non-vault monster count
 E = Vault monster count
 F = Vault count percentage of total count
                 A         B        C        D         E       F
            +---------+---------+-------+---------+---------+-------
      Total |   33337 |   13847 |  29.3 |     299 |      59 |  16.5
            +---------+---------+-------+---------+---------+-------
        D:1 |      49 |       0 |   0.0 |      26 |       0 |   0.0
        D:2 |      91 |      47 |  34.1 |      27 |       7 |  20.6
        D:3 |     116 |       0 |   0.0 |      23 |       0 |   0.0
        D:4 |     216 |       0 |   0.0 |      20 |       0 |   0.0
        D:5 |     415 |     160 |  27.8 |      13 |       2 |  13.3
        D:6 |    1100 |       0 |   0.0 |      24 |       0 |   0.0
        D:7 |    1174 |       0 |   0.0 |      20 |       0 |   0.0
        D:8 |     939 |     205 |  17.9 |      15 |       3 |  16.7
        D:9 |    2278 |    4294 |  65.3 |      22 |      22 |  50.0
       D:10 |    1087 |    3336 |  75.4 |       9 |      12 |  57.1
       D:11 |    1320 |       0 |   0.0 |      17 |       0 |   0.0
     Lair:1 |    3570 |     993 |  21.8 |      15 |       3 |  16.7
     Lair:2 |    6001 |    2453 |  29.0 |      13 |       5 |  27.8
     Lair:3 |    7100 |     484 |   6.4 |      24 |       1 |   4.0
     Lair:4 |    4596 |    1875 |  29.0 |      18 |       4 |  18.2
     Lair:5 |    3285 |       0 |   0.0 |      13 |       0 |   0.0
            +---------+---------+-------+---------+---------+-------
